 Dungeon Crawl Stone Soup version 0.30-a0-782-ge64f9170bb (webtiles) character file.

Game seed: 8454189101159497176

17 Leeroy the Slasher (level 2, 0/16 HPs)
             Began as a Vine Stalker Monk on Mar 4, 2023.
             Slain by a ball python (3 damage)
             ... on level 1 of the Dungeon.
             The game lasted 00:00:21 (230 turns).

Leeroy the Slasher (Vine Stalker Monk)               Turns: 230, Time: 00:00:21

Health: 0/16       AC:  2    Str: 13    XL:     2   Next: 62%
Magic:  0/3        EV: 12    Int: 16    God:
Gold:   30         SH:  0    Dex: 16    Spells: 1/1 levels left

rFire   . . .      SeeInvis .    a - +0 falchion
rCold   . . .      Faith    .    (no shield)
rNeg    . . .      Spirit   +    b - +0 robe
rPois   .          Reflect  .    (no helmet)
rElec   .          Harm     .    (no cloak)
rCorr   .          Rampage  .    (no gloves)
Will    .....                    (no boots)
Stlth   ++                       (no amulet)
HPRegen 0.22/turn                e - +6 ring of intelligence
MPRegen 0.08/turn                (no ring)

@: no status effects
A: fangs 2, magic shield, antimagic bite, no potion heal 2
a: no special abilities


You were on level 1 of the Dungeon.
You visited 1 branch of the dungeon, and saw 1 of its levels.

You collected 30 gold pieces.

Inventory:

Hand Weapons
 a - a +0 falchion (weapon)
Armour
 b - a +0 robe (worn)
Jewellery
 e - a +6 ring of intelligence (left hand)
Scrolls
 d - a scroll of teleportation {unknown}
 h - a scroll of identify {unknown}
Potions
 c - a potion of ambrosia
 f - a potion of heal wounds {unknown}
 g - a potion of attraction {unknown}


   Skills:
 - Level 2.6 Fighting
 + Level 3.5 Long Blades
 - Level 2.4 Dodging
 - Level 2.4 Stealth


You had one spell level left.
You didn't know any spells.
Your spell library was empty.

Dungeon Overview and Level Annotations

Branches:
Dungeon (1/15)

Altars:


Innate Abilities, Weirdness & Mutations

You have extremely sharp teeth.
When hurt, damage is shared between your health and your magic reserves.
Your bite disrupts and absorbs the magic of your enemies.
Potions cannot restore your health.


Message History

No target in view!
No target in view!
No target in view!
An endoplasm comes into view. x2
There are monsters nearby!
There are monsters nearby!
The endoplasm quivers.
You slash the endoplasm!
You kill the endoplasm!
You hit the endoplasm. You bite the endoplasm. You drain its power.
The endoplasm is heavily wounded.
The endoplasm closely misses you.
You hit the endoplasm.
You kill the endoplasm!
No target in view!
No target in view!
No target in view!
Found a stone staircase leading down.
You now have 30 gold pieces (gained 11).
A gnoll comes into view. It is wielding a +0 club.
A gnoll is nearby!
Found 4 stones.
A ball python comes into view.
The ball python hisses angrily.
The gnoll hits you with a +0 club.
You hit the gnoll but do no damage. Your bite misses the gnoll.
The gnoll hits you with a +0 club.
You closely miss the gnoll. The gnoll hits you with a +0 club.
You are too injured to fight recklessly!
You are too injured to fight recklessly!
You are too injured to fight recklessly!
You are too injured to fight recklessly!
You are too injured to fight recklessly!
You are too injured to fight recklessly!
You closely miss the gnoll. The gnoll hits you with a +0 club.
* * * LOW HITPOINT WARNING * * *
The gnoll misses you.
The ball python attacks as you move away!
The ball python closely misses you. The ball python bites you.
You die...

#.# #≈≈≈#≈≈ ... ..#
#≈≈≈#≈≈ ... ..# #≈≈≈#
..# #.# #.# #.# #.# #.#
#.# #.# #.######.######
#.##.#@#..........†####
#..>..gS......###.###..
####...................
#.#.#.####..........
#.#.#.# #..##.##...
..(.#.####..##.##...
##..##.#.....##.##.#.
##. #.#.##.....##.#† #.
#.# ########...


You could see a gnoll and a ball python.

Vanquished Creatures
  A ball python (D:1)
  3 endoplasms (D:1)
  A giant cockroach (D:1)
  A goblin (D:1)
  2 hobgoblins (D:1)
  4 jackals (D:1)
  A bat (D:1)
13 creatures vanquished.

Notes
Turn   | Place    | Note
-------+----------+-------------------------------------------
     0 | D:1      | Leeroy the Vine Stalker Monk began the quest for the Orb.
     0 | D:1      | Reached XP level 1. HP: 11/11 MP: 2/2
   114 | D:1      | Reached skill level 3 in Long Blades
   140 | D:1      | Reached XP level 2. HP: 16/16 MP: 3/3
   230 | D:1      | Slain by a ball python

Illustrated notes

Levels and vault maps discovered:
D:1:      dpeg_arrival_water_fire, layout_loops_ring, serial_shops, shop,
          dk_noncrumbling_3

Skill      XL: |  1 |
---------------+----+-----
Long Blades    | 3 |  3.5
Fighting       | |  2.6
Dodging        | |  2.4
Stealth        | |  2.4

Action                     || total
---------------------------++-------
  Melee: Falchion          ||    31
         Bite              ||     7
   Stab: Sleeping          ||     1
 Armour: Robe              ||     7
  Dodge: Dodged            ||    24

Table legend: (Time is in decaauts)
 A = Elapsed time spent in this place.
 B = Non-inter-level travel time spent in this place.
 C = Inter-level travel time spent in this place.
 D = Time resting spent in this place.
 E = Time spent auto-exploring this place.
 F = Levels seen in this place.
 G = Mean time per level.
                   A        B        C        D        E       F      G
               +--------+--------+--------+--------+--------+-----+--------+
         Total |    236 |    236 |      0 |      0 |    160 |   1 |  236.0 |
       Dungeon |    236 |    236 |      0 |      0 |    160 |   1 |  236.0 |
               +--------+--------+--------+--------+--------+-----+--------+

Top non-repeatable levels by time:
     D:1: 236 daAuts
